 Dungeon Crawl Stone Soup version 0.28-a0-1444-g6c55d0bc0c (webtiles) character file.

Game seed: 1738208405439267123

39 Essalna the Sneak (level 3, -1/30 HPs)
             Began as a Djinni Delver on Jan 10, 2022.
             Slain by a hound (4 damage)
             ... on level 4 of the Dungeon.
             The game lasted 00:01:34 (739 turns).

Essalna the Sneak (Djinni Delver)                    Turns: 739, Time: 00:01:34

Health: -1/30      AC:  5    Str: 11    XL:     3   Next: 70%
Gold:   18         EV: 12    Int: 13    God:
                   SH:  0    Dex: 14

rFire   + + .      SeeInvis .   a - +0 falchion
rCold   x . .      Faith    .   (no shield)
rNeg    . . .      Spirit   .   b - +0 leather armour
rPois   ∞          Reflect  .   h - +1 helmet of Hairy Lucidity {rElec}
rElec   +          Harm     .   (no cloak)
rCorr   .          Rampage  .   (no gloves)
Will    .....                   (boots unavailable)
Stlth   ++........              (no amulet)
HPRegen 0.10/turn               (no ring)
MPRegen 0.00/turn               (no ring)

@: flying
A: sickness immunity, fire resistance 2, cold vulnerability 1, float, innate
caster, hp casting, extra vitality 1
a: no special abilities


You were on level 4 of the Dungeon.
You visited 1 branch of the dungeon, and saw 3 of its levels.

You collected 18 gold pieces.

Inventory:

Hand Weapons
 a - a +0 falchion (weapon)
Armour
 b - a +0 leather armour (worn)
 h - the +1 helmet of Hairy Lucidity (worn) {rElec}
   (You found it on level 4 of the Dungeon)

   rElec:     It insulates you from electricity.
Wands
 g - a wand of digging (3)
Scrolls
 c - a scroll of fog
 d - a scroll of magic mapping
 e - a scroll of fear
 i - a scroll of enchant armour {unknown}
Potions
 f - a potion of haste


   Skills:
 - Level 3.3 Fighting
 - Level 1.7 Long Blades
 - Level 2.1 Dodging
 - Level 4.1 Stealth
 + Level 1.9 Spellcasting


You had 4 spell levels left.
You knew the following spells:

 Your Spells              Type           Power      Damage    Failure   Level
a - Pain                  Necr           24%        1d5       16%         1
Your spell library was empty.

Dungeon Overview and Level Annotations

Branches:
Dungeon (5/15)
 Temple: D:4-7

Altars:
Gozag

Annotations:
D:3 Jessica
D:4 Eustachio


Innate Abilities, Weirdness & Mutations

You are immune to sickness and miasma.
You are immune to poison.
Your flesh is very heat resistant. (rF++)
You are vulnerable to cold. (rC-)
You float through the air rather than walking.
You learn spells naturally, not from books.
Your magical power is your life essence.
You have superior vitality. (+4 MHP)


Message History

A hound is nearby!
The hound barks!
You miscast Pain.
You are very lightly contaminated with residual magic.
Nothing appears to happen.
The hound bites you.
The hound resists with significant effort.
The hound barely misses you. x2
The hound resists with significant effort.
The hound bites you.
You are too injured to fight recklessly!
You are too injured to fight recklessly!
You are too injured to fight recklessly!
You are too injured to fight recklessly!
You miss the hound. The hound completely misses you. The hound bites you.
You hit the hound.
The hound is lightly wounded.
The hound bites you. x2
You hit the hound.
The hound is heavily wounded.
The hound bites you. x2
* * * LOW HITPOINT WARNING * * *
You closely miss the hound.
The hound is heavily wounded.
The hound bites you.
* * * LOW HITPOINT WARNING * * *
The hound misses you.
Your magical contamination has completely faded away.
Casting: Pain (safe; 16% risk of failure)
Confirm with . or Enter, or press ? or * to list all spells.
Aiming: Pain (safe; 16% risk of failure)
Press: ? - help, Shift-Dir - straight line, f/p - hound
Aim: a hound (heavily wounded, chance to affect: 62%)
The hound resists with significant effort.
* * * LOW HITPOINT WARNING * * *
The hound bites you.
* * * LOW HITPOINT WARNING * * *
You hit the hound.
The hound is severely wounded.
The hound bites you.
You die...

..### #...###
###...###
#####...###
...####...###
##.#
###...######
###......#
######.######
####@#....#####
#...h.........#
.
#+###'#####...#
. #.....#
###...# #
#.###.# #.#...#
#.....#
#.###..?
+.._..'.# #.#
#$ #.....#..h#
#.#
#.###.#.......h


You could see a hound.

Vanquished Creatures
  A hound (D:4)
  An adder skeleton (D:4)
  4 jackals (D:4)
  A ball python (D:4)
7 creatures vanquished.

Notes
Turn   | Place    | Note
-------+----------+-------------------------------------------
     0 | D:5      | Essalna the Djinni Delver began the quest for the Orb.
     0 | D:5      | Reached XP level 1. HP: 20/20 MP: 0/0
    54 | D:3      | Noticed Jessica
   300 | D:4      | Reached XP level 2. HP: 25/25 MP: 0/0
   379 | D:4      | Identified the +1 helmet of Hairy Lucidity {rElec}
   423 | D:4      | Noticed Eustachio
   548 | D:4      | Found an opulent altar of Gozag.
   592 | D:4      | Reached skill level 1 in Spellcasting
   592 | D:4      | Reached XP level 3. HP: 16/30 MP: 0/0
   592 | D:4      | Learned a level 1 spell: Pain
   739 | D:4      | Slain by a hound

Illustrated notes

Levels and vault maps discovered:
D:3:      layout_rooms, uniq_jessica
D:4:      layout_loops_ring, mainiacjoe_overflow_six_doors_small,
          minmay_misc_feat_x, uniq_eustachio
D:5:      cheibrodos_two_vegetables, layout_basic,
          lemuel_coloured_pillars_altar, gammafunk_ghost_arena

Skill      XL: |  1  2 |
---------------+-------+-----
Spellcasting   | 1 |  1.9
Fighting       | |  3.3
Long Blades    | |  1.7
Dodging        | |  2.1
Stealth        | |  4.1

Action                   || total
-------------------------++-------
Melee: Falchion          ||    40
 Cast: Pain              ||     3
Armor: Leather armour    ||    15
Dodge: Dodged            ||    44

Table legend: (Time is in decaauts)
 A = Elapsed time spent in this place.
 B = Non-inter-level travel time spent in this place.
 C = Inter-level travel time spent in this place.
 D = Time resting spent in this place.
 E = Time spent auto-exploring this place.
 F = Levels seen in this place.
 G = Mean time per level.
                   A        B        C        D        E       F      G
               +--------+--------+--------+--------+--------+-----+--------+
         Total |    747 |    740 |      7 |      0 |    519 |   3 |  249.0 |
       Dungeon |    747 |    740 |      7 |      0 |    519 |   3 |  249.0 |
               +--------+--------+--------+--------+--------+-----+--------+

Top non-repeatable levels by time:
     D:4: 717 daAuts
     D:5: 24 daAuts
     D:3: 6 daAuts
